Map: Ujari

Players

Nicotina

  • Race: Zerg Zerg
  • League: Platinum
  • Spawn Location: 9:00

TheStig

  • Race: Terran Terran
  • Spawn Location: 0:00

Metasapien

  • Race: Zerg Zerg
  • League: Platinum
  • Spawn Location: 9:00

perro - Winner!

  • Race: Terran Terran
  • League: Gold
  • Spawn Location: 3:00

HYP - Winner!

  • Race: Terran Terran
  • Spawn Location: 0:00

WolfMarine - Winner!

  • Race: Terran Terran
  • League: Silver
  • Spawn Location: 3:00

VOD

Have the link to the VOD?

Description

Time

  • Played on: Sept. 24, 2017, 12:20 p.m.
  • Length: 16:45
Show
View Real Time Build Order
Export as new Build Order

Nicotina Zerg 

Build Orders: Hatch First 

Get SALT Encoding   

  12  0:03  Drone  
  13  0:13  Overlord  
  13  0:19  Drone  
  14  0:33  Drone x2  
  16  0:37  Drone  
  17  1:09  Hatchery, Spawning Pool  
  15  1:13  Extractor  
  15  1:14  Drone  
  16  1:18  Drone  
  16  1:23  Drone  
  17  1:36  Drone  
  17  1:37  Drone  
  19  1:48  Overlord  
  19  1:56  Queen  
  21  2:04  Drone  
  21  2:05  Extractor  
  21  2:12  Drone  
  22  2:21  Queen  
  22  2:22  Drone  
  25  2:25  Drone  
  26  2:32  Drone  
  27  2:39  Drone  
  27  2:42  Drone  
  30  2:44  Drone  
  30  2:45  Lair  
  30  2:46  Metabolic Boost  
  30  2:54  Drone  
  30  2:55  Drone  
  32  3:01  Extractor  
  32  3:04  Drone  
  32  3:05  Drone  
  33  3:17  Drone  
  33  3:18  Drone  
  35  3:27  Drone  
  35  3:31  Overlord x3  
  36  3:50  Drone  
  36  3:51  Drone x4  
  36  3:53  Drone x2  
  43  4:09  Spire  
  42  4:11  Drone x2  
  42  4:12  Drone x2  
  46  4:17  Extractor  
  46  4:24  Zergling x14  
  52  4:51  Zergling x16  
  55  5:40  Drone x3  
  51  6:01  Mutalisk  
  51  6:02  Mutalisk x6  
  60  6:08  Spine Crawler  
  60  6:10  Spine Crawler x2  
  36  6:11  Spine Crawler  
  36  6:12  Spine Crawler  
  36  6:13  Spine Crawler  
  36  6:15  Mutalisk  
  36  6:16  Mutalisk x5  
  45  6:23  Zerg Flyer Weapons Level 1  
  43  7:12  Drone x3  
  43  7:14  Drone x3  
  33  7:46  Drone x3  
  33  7:47  Drone x2  
  33  7:48  Drone  
  33  7:49  Queen  
  41  8:14  Drone x2  
  41  8:19  Zerg Flyer Weapons Level 2  
  43  8:34  Mutalisk  
  43  8:35  Mutalisk x3  
  50  9:04  Drone  
  50  9:05  Drone  
  50  9:06  Overlord x4  
  52  9:33  Mutalisk x2  
  52  9:34  Mutalisk x8  
  66  10:13  Drone  
  66  10:14  Drone x4  
  70  10:19  Mutalisk x5  
  81  10:54  Hatchery  
  78  11:01  Hatchery  
  59  11:15  Queen  
  61  11:20  Mutalisk x7  
  75  11:39  Zerg Flyer Armor Level 1  
  75  12:18  Zergling x24  
  75  12:19  Zergling x12  
  85  12:27  Queen  
  85  12:29  Queen  
  89  12:49  Drone x2  
  91  12:57  Drone  
  91  12:58  Drone x2  
  94  13:03  Infestation Pit  
  93  13:09  Overlord x3  
  93  13:14  Extractor  
  93  13:15  Extractor  
  67  13:56  Baneling Nest  
  38  14:13  Zergling x16  
  38  14:14  Zergling x42  
  38  14:15  Zergling x4  
  53  14:24  Queen  
  43  14:53  Drone x5  
  43  14:55  Drone x5  
  43  14:58  Centrifical Hooks  
  46  15:26  Extractor  
  46  15:27  Extractor, Hive  
  44  15:31  Zergling x22  
  44  15:32  Zergling x14  
  44  15:35  Baneling  
  62  15:36  Baneling x20  
  45  16:14  Mutalisk  
  45  16:15  Mutalisk x8  
Show
View Real Time Build Order
Export as new Build Order

TheStig Terran 

Build Orders: Banshee Rush 

Get SALT Encoding   

  12  0:01  SCV  
  13  0:13  SCV  
  14  0:20  Supply Depot  
  14  0:26  SCV  
  15  0:42  SCV  
  16  0:43  Refinery  
  16  0:51  Barracks  
  16  0:54  Refinery  
  16  0:55  SCV  
  17  1:07  SCV  
  18  1:19  SCV  
  19  1:32  SCV, Supply Depot  
  20  1:44  SCV  
  20  1:45  Marine  
  22  1:52  Factory  
  22  1:59  SCV  
  23  2:11  SCV  
  23  2:12  Barracks Tech Lab  
  23  2:13  Supply Depot  
  24  2:23  SCV  
  25  2:37  Factory Tech Lab  
  25  2:38  Starport  
  25  2:39  Starport  
  25  2:42  Marine  
  26  3:24  Cloaking Field  
  26  3:26  Banshee x2  
  32  3:35  Orbital Command  
  32  3:39  Supply Depot  
  32  3:55  Marine  
  33  4:09  Hyperflight Rotors  
  33  4:12  Banshee  
  33  4:58  Banshee x2  
  39  5:40  Banshee  
  39  5:41  Banshee  
  38  6:23  Banshee  
  18  6:43  SCV  
  19  6:55  SCV  
  20  7:07  SCV  
  19  7:19  SCV  
  20  7:31  SCV  
  21  7:43  SCV  
  19  7:56  SCV  
  20  8:08  SCV  
  21  8:20  SCV  
  22  8:32  SCV  
  23  8:44  SCV  
  21  8:56  SCV  
  21  8:57  Banshee x2  
  28  9:08  SCV  
  28  9:20  SCV  
  16  9:32  SCV  
  14  9:44  SCV  
Show
View Real Time Build Order
Export as new Build Order

Metasapien Zerg 

Build Orders: Hatch First 

Get SALT Encoding   

  12  0:31  Hatchery  
  11  0:38  Overlord  
  11  0:44  Drone  
  11  0:46  Drone  
  13  0:56  Drone  
  14  1:01  Drone  
  15  1:15  Spawning Pool  
  14  1:18  Extractor  
  14  1:20  Drone  
  14  1:42  Drone  
  14  1:43  Drone  
  16  1:50  Drone  
  17  1:56  Drone  
  17  1:57  Drone  
  19  2:07  Drone  
  20  2:14  Overlord  
  20  2:24  Hatchery  
  19  2:34  Drone x3  
  21  2:45  Queen  
  21  2:48  Drone  
  24  2:52  Drone  
  25  3:06  Overlord  
  25  3:08  Drone  
  26  3:15  Queen  
  26  3:17  Drone  
  29  3:22  Metabolic Boost  
  29  3:27  Drone x2  
  30  3:30  Drone  
  32  3:36  Drone  
  33  3:42  Drone x3  
  33  3:45  Drone  
  33  3:47  Drone  
  38  3:51  Overlord  
  38  4:04  Extractor  
  38  4:06  Queen  
  38  4:07  Drone  
  40  4:15  Zergling x12  
  46  4:17  Extractor  
  45  4:24  Spore Crawler  
  45  4:27  Drone  
  45  4:29  Lair  
  45  4:31  Drone x3  
  45  4:37  Zergling x4  
  50  4:45  Zergling x8  
  43  4:55  Roach Warren  
  43  4:57  Zergling x4  
  44  5:02  Spine Crawler  
  36  5:12  Zergling x2  
  30  5:34  Overlord x3  
  30  5:35  Overlord  
  30  5:55  Hydralisk Den  
  29  6:04  Drone  
  28  6:16  Spine Crawler  
  27  6:19  Spine Crawler, Zergling x2  
  27  6:20  Roach x4  
  27  6:40  Roach x3  
  25  6:57  Drone  
  26  7:12  Overlord  
  26  7:23  Overlord  
  26  7:41  Drone x2  
  26  7:44  Drone  
  29  7:56  Drone x2  
  31  8:15  Drone x3  
  34  8:22  Hatchery  
  33  8:27  Roach x2  
  37  8:47  Overlord x2  
  37  9:04  Drone  
  38  9:12  Ravager  
  38  9:13  Ravager  
  39  9:22  Spine Crawler  
  38  9:26  Spine Crawler  
  38  9:28  Overlord  
  35  9:48  Overlord x2  
  35  9:49  Overlord  
  35  9:50  Drone  
  30  10:17  Queen  
  30  10:18  Drone  
  30  10:19  Drone x5  
  38  10:24  Drone, Hatchery  
  38  10:27  Hatchery  
  37  10:28  Extractor  
  37  10:30  Extractor  
  37  10:32  Drone  
  36  10:46  Roach x2  
  40  11:04  Drone x3  
  40  11:09  Baneling Nest  
  42  11:11  Glial Reconstitution  
  42  11:14  Drone  
  42  11:15  Drone  
  42  11:16  Drone  
  45  11:19  Drone  
  46  11:28  Overseer  
  46  11:36  Drone  
  47  11:41  Drone  
  47  11:42  Drone  
  47  11:43  Queen  
  53  11:47  Drone  
  53  11:54  Roach x2  
  46  12:03  Spine Crawler  
  46  12:06  Roach  
  46  12:07  Roach  
  46  12:08  Roach  
  47  12:11  Drone  
  45  12:17  Ravager x2  
  45  12:20  Drone  
  39  12:45  Drone x2  
  39  12:46  Drone  
  42  12:53  Extractor, Roach x2  
  42  12:54  Roach x6  
  42  12:55  Roach x3  
  63  13:04  Drone  
  64  13:06  Overlord  
  64  13:07  Overlord  
  64  13:15  Drone  
  49  13:30  Roach x7  
  49  13:32  Zergling x2  
  64  13:47  Ravager  
  64  13:48  Ravager x2  
  67  13:53  Drone x4  
  67  13:55  Overlord x2  
  71  14:09  Centrifical Hooks  
  71  14:11  Zergling x2  
  71  14:12  Zergling x12  
  78  14:18  Drone x3  
  78  14:19  Drone  
  72  14:51  Hydralisk x3, Roach x5  
  72  14:52  Roach x4  
  94  15:00  Ravager  
  94  15:01  Ravager  
  94  15:03  Zergling x4  
  83  15:48  Hydralisk x3  
  83  15:49  Roach x5, Hydralisk  
  76  16:01  Hatchery  
  43  16:08  Baneling  
  43  16:09  Baneling x3  
  43  16:10  Zergling x4  
  45  16:20  Roach  
  45  16:21  Roach  
Show
View Real Time Build Order
Export as new Build Order

perro Terran - Winner!

Build Orders:  

Get SALT Encoding   

  12  0:02  SCV  
  13  0:16  Supply Depot  
  13  0:19  SCV  
  14  0:26  Refinery  
  14  0:31  SCV  
  15  0:46  Barracks  
  15  0:52  Refinery  
  15  0:56  SCV  
  16  1:08  SCV  
  17  1:20  SCV  
  18  1:37  Factory  
  18  1:40  Barracks Tech Lab  
  18  1:45  SCV  
  19  1:57  SCV  
  19  1:59  Marine  
  21  2:09  SCV  
  21  2:11  Factory  
  22  2:17  Marine  
  22  2:22  Factory Reactor  
  23  2:31  Supply Depot  
  23  2:55  Engineering Bay, SCV  
  23  2:57  Factory Reactor  
  26  3:05  Hellion  
  26  3:07  Hellion, SCV  
  26  3:08  Supply Depot  
  29  3:19  SCV  
  30  3:36  Hellion x2  
  30  3:37  Hellion  
  36  3:46  Missile Turret  
  36  3:49  Orbital Command  
  36  4:00  Hellion  
  38  4:13  Supply Depot  
  38  4:20  Hellion  
  38  4:21  Hellion x2  
  44  4:36  Supply Depot  
  44  4:37  Hellion  
  46  5:08  Hellion  
  46  5:09  Hellion  
  50  5:18  Marine  
  51  5:23  Supply Depot  
  51  5:26  Barracks  
  51  5:36  Marine  
  52  5:45  Cyclone x2  
  58  5:54  Marine  
  59  6:09  Cyclone x2  
  65  6:11  Marine  
  66  6:29  Marine  
  58  6:44  Barracks Reactor  
  58  6:46  Barracks  
  40  6:47  Marine  
  40  6:48  Starport  
  41  7:05  Marine  
  42  7:14  Terran Infantry Weapons Level 1  
  42  7:16  Stimpack  
  42  7:23  Marine  
  42  7:26  Starport Reactor  
  42  7:28  Barracks  
  43  7:40  Marine  
  40  7:58  Marine  
  40  8:00  Marine x2  
  40  8:01  Marine  
  44  8:15  Marine  
  44  8:16  Marine  
  44  8:18  Marine x2  
  49  8:22  Barracks Reactor  
  49  8:25  Medivac x2  
  48  8:32  Marine  
  49  8:34  Marine  
  49  8:36  Marine x2  
  52  8:50  Marine  
  52  8:52  Marine  
  52  8:54  Marine x2  
  44  9:01  Marine x2  
  46  9:09  Marine  
  46  9:11  Marine  
  46  9:12  Marine  
  49  9:17  Medivac x2, Combat Shields  
  49  9:19  Marine  
  53  9:25  Barracks Reactor  
  53  9:27  Marine, Supply Depot  
  53  9:29  Missile Turret, Marine x2  
  56  9:35  Missile Turret  
  56  10:20  Command Center  
  56  10:23  Refinery  
  56  10:31  Marine x2  
  56  10:32  Marine x2  
  34  11:13  Marine x5  
  34  11:14  Marine x2  
  35  11:31  Marine x2  
  37  11:34  Medivac x2  
  41  11:47  SCV  
  42  11:55  SCV  
  42  12:00  SCV  
  44  12:06  Marine  
  44  12:07  SCV, Marine x4  
  50  12:12  SCV  
  51  12:20  Marine x2  
  53  12:24  Marine x2  
  53  12:25  Marine x2  
  57  12:34  Refinery  
  57  12:39  Barracks  
  57  12:45  Marine x4  
  57  12:46  Marine x3  
  64  12:52  Medivac  
  66  13:01  Terran Infantry Armor Level 1  
  66  13:03  Marine x2  
  68  13:07  Missile Turret  
  68  13:25  Marine x2  
  68  13:26  Marine  
  71  13:40  Marine  
  71  13:41  Marine x3  
  70  14:04  Marine  
  70  14:05  Marine x6  
  70  14:06  Marine  
  72  14:22  Medivac, Marine  
  72  14:23  Marine x2  
  42  14:58  Marine x2  
  42  14:59  Marine x5  
  47  15:15  Marine  
  47  15:16  Marine x3  
  47  15:17  Marine x4  
  54  15:33  Marine  
  54  15:34  Marine x5  
  60  15:53  Medivac x2  
  60  15:54  Marine x3  
  67  16:11  Marine  
  67  16:12  Marine x4  
Show
View Real Time Build Order
Export as new Build Order

HYP Terran - Winner!

Build Orders:  

Get SALT Encoding   

  12  0:01  SCV  
  13  0:13  SCV  
  14  0:19  Supply Depot  
  14  0:25  SCV  
  15  0:35  Supply Depot  
  15  0:41  SCV  
  16  0:59  Barracks  
  16  1:03  Barracks  
  16  1:04  SCV  
  17  1:15  Refinery  
  17  1:16  SCV  
  18  1:28  SCV  
  19  1:36  Supply Depot  
  19  1:41  SCV  
  20  1:51  Marine x2  
  20  1:53  Orbital Command  
  22  2:08  Marine  
  22  2:09  Marine  
  24  2:21  SCV  
  25  2:30  Barracks Reactor  
  25  2:33  SCV  
  26  2:38  Barracks Reactor  
  26  2:45  SCV  
  27  2:54  Barracks  
  27  2:56  Barracks  
  27  2:57  SCV  
  27  2:58  Engineering Bay  
  28  3:09  SCV  
  28  3:12  Marine x2  
  31  3:14  Marine x2  
  33  3:28  Missile Turret  
  33  3:30  Marine x2  
  33  3:32  Marine x2  
  37  3:37  SCV  
  38  3:43  Marine  
  39  3:48  Supply Depot  
  39  3:51  Supply Depot  
  39  4:10  SCV, Marine x6  
  39  4:11  Supply Depot  
  46  4:22  SCV  
  47  4:27  Marine x6  
  53  4:33  Supply Depot  
  52  4:45  Marine x5  
  57  4:53  Marine  
  58  5:03  Marine x5  
  60  5:11  Marine  
  58  5:21  Marine x5  
  51  5:29  Marine  
  52  5:39  Marine x5  
  54  5:47  Marine  
  47  5:57  Marine x5  
  51  6:05  Marine  
  45  6:14  Marine x2  
  45  6:20  Marine x2  
  45  6:21  Marine  
  45  6:22  Marine  
  49  6:32  Marine x2  
  51  6:38  Marine x2  
  53  6:51  Marine x3  
  53  6:52  Marine  
  57  6:56  Marine x2  
  49  7:09  Missile Turret, Marine x4  
  49  7:10  Missile Turret  
  49  7:11  Missile Turret  
  49  7:12  Missile Turret  
  49  7:14  Marine x2  
  55  7:27  Marine x3  
  55  7:29  Refinery  
  48  7:51  Marine x6  
  53  8:09  Marine x2  
  55  8:16  Command Center  
  54  8:34  Marine x4  
  54  8:54  Barracks Tech Lab  
  48  9:01  Barracks Tech Lab  
  46  9:56  Missile Turret x2  
  30  10:01  Missile Turret  
  30  10:05  Planetary Fortress  
  30  10:06  Missile Turret  
  26  10:39  Stimpack, Combat Shields  
  26  10:45  Factory  
  26  10:52  Marine x3  
  26  10:53  Marine x3  
  32  11:10  Marine x4  
  32  11:11  Marine x2  
  38  11:28  Marine x5  
  38  11:29  Marine  
  38  11:31  Factory Reactor, Starport  
  44  11:40  Barracks  
  44  11:41  Barracks  
  44  11:46  Marine x5  
  51  11:47  Marauder  
  51  12:04  Marine x4  
  51  12:05  Concussive Shells  
  55  12:08  Marine  
  55  12:09  Supply Depot  
  56  12:22  Medivac x2  
  60  12:27  Barracks Reactor  
  60  12:28  Barracks Reactor  
  60  12:33  Supply Depot  
  60  12:38  Factory Reactor  
  60  12:52  Medivac x2, Marine  
  60  12:57  Refinery  
  65  13:04  Missile Turret  
  65  13:10  Terran Infantry Weapons Level 1  
  65  13:23  Missile Turret  
  49  13:48  Marine x7  
  38  13:49  Marine x3  
  45  14:05  Marine x2  
  45  14:06  Marine x7  
  45  14:07  Marine  
  55  14:29  Marine x6  
  55  14:30  Marine  
  55  14:31  Marine  
  63  14:50  Marine x2  
  63  14:51  Marine x4  
  63  14:52  Marine  
  70  15:11  Marine x3  
  70  15:12  Marine x4  
  77  15:23  Marine x3  
  80  15:29  Marine  
  76  16:14  Widow Mine x2  
  80  16:21  Marine x4  
  80  16:22  Marine  
  80  16:24  Marine  
Show
View Real Time Build Order
Export as new Build Order

WolfMarine Terran - Winner!

Build Orders: MMM Bio 

Get SALT Encoding   

  12  0:02  SCV  
  13  0:14  SCV  
  14  0:26  SCV, Supply Depot  
  15  0:48  SCV  
  16  0:51  Barracks  
  16  1:00  SCV  
  17  1:05  Barracks  
  17  1:12  SCV  
  18  1:24  SCV  
  19  1:32  Supply Depot  
  19  1:36  SCV  
  20  1:48  SCV  
  20  1:53  Marine  
  20  1:54  Marine  
  24  2:02  Barracks  
  24  2:05  Barracks  
  24  2:11  Orbital Command  
  24  2:15  Refinery  
  23  2:16  Refinery  
  23  2:17  Marine  
  24  2:43  Marine  
  24  2:44  Marine  
  26  2:51  Supply Depot  
  26  2:56  Marine  
  26  2:57  Marine  
  28  3:01  Marine  
  29  3:06  Marine  
  30  3:14  Marine  
  30  3:15  Factory, Marine  
  30  3:19  Marine  
  34  3:29  Barracks Tech Lab  
  34  3:32  SCV, Marine  
  34  3:33  Marine  
  36  3:35  Supply Depot  
  36  3:46  Barracks Reactor  
  36  3:50  Stimpack, Marine x2  
  36  3:51  Marine  
  41  4:19  Barracks Reactor  
  41  4:22  Barracks Reactor  
  41  4:24  Marine x3  
  42  4:31  Supply Depot  
  42  4:41  Marine  
  42  4:42  Marine x2  
  42  4:53  Supply Depot  
  42  4:59  Marine  
  43  5:02  Marine x3  
  27  5:45  Marine  
  27  5:46  Marine x3  
  31  5:54  Command Center  
  31  5:55  Marine  
  32  5:57  Factory Tech Lab  
  32  6:03  Starport  
  32  6:07  Marine x4  
  36  6:11  Marine  
  36  6:17  Marine  
  38  6:48  Marine x3  
  38  6:53  Marine  
  38  6:54  Marine x2  
  43  6:56  Starport Reactor  
  29  7:16  Marine  
  29  7:17  Marine x5  
  34  7:30  Engineering Bay  
  34  7:36  Marine x2  
  36  7:50  Marine  
  36  7:53  Marine  
  36  7:55  Combat Shields  
  37  8:00  SCV x2  
  39  8:12  SCV  
  39  8:16  Marine x2  
  39  8:17  Marine  
  43  8:33  Marine x3  
  43  8:34  Marine x3  
  47  8:37  SCV  
  51  8:44  Missile Turret  
  50  8:53  Medivac  
  52  8:59  SCV x2  
  49  9:43  Marine x3  
  49  9:44  Marine x4  
  41  9:47  SCV  
  41  9:48  SCV  
  41  9:53  Supply Depot  
  41  9:55  Medivac  
  41  9:57  Supply Depot x2  
  41  9:59  SCV  
  43  10:00  SCV  
  43  10:01  Marine x4  
  43  10:02  Marine  
  43  10:04  Marauder  
  50  10:12  SCV  
  50  10:13  Siege Tank  
  55  10:24  Orbital Command  
  55  10:25  Marine  
  55  10:26  Marauder  
  57  10:33  Medivac x2  
  57  10:35  Terran Infantry Weapons Level 1  
  61  10:38  SCV  
  62  10:50  SCV  
  63  11:02  SCV  
  64  11:08  SCV  
  64  11:09  Command Center  
  65  11:14  SCV  
  66  11:20  SCV  
  66  11:21  Marine x2  
  66  11:22  Marine x3  
  72  11:26  SCV  
  74  11:32  SCV  
  74  11:38  Supply Depot  
  74  11:39  SCV, Supply Depot  
  75  11:45  SCV  
  76  11:51  SCV  
  76  11:57  SCV  
  77  12:03  SCV  
  65  12:38  Marine  
  65  12:39  Marine x5  
  65  12:40  Marine  
  58  12:53  Barracks  
  58  12:56  Marine x2  
  58  12:57  Marine x5  
  64  13:03  SCV  
  65  13:05  Barracks  
  65  13:07  Barracks  
  65  13:09  Missile Turret  
  65  13:10  Missile Turret  
  65  13:12  Orbital Command, Missile Turret  
  65  13:14  Viking x2, Marine x3  
  65  13:15  Marine x2  
  65  13:19  Starport  
  74  13:21  Marine x2  
  76  13:30  Concussive Shells  
  76  13:32  Marine x4  
  76  13:33  Terran Infantry Armor Level 1, Marine  
  81  13:38  Marine  
  81  13:39  Marine  
  83  13:43  Engineering Bay  
  83  13:44  Armory, Viking x2  
  87  13:50  Marine x2  
  89  13:55  Refinery  
  89  13:57  Refinery  
  89  14:02  Refinery  
  89  14:04  Marine x4  
  89  14:05  Marine  
  89  14:06  Refinery  
  94  14:14  Medivac x2  
  94  14:15  Starport Reactor  
  98  14:24  Marine x2  
  98  14:25  Marine x2  
  98  14:26  Marine x3  
  105  14:36  Missile Turret  
  105  14:47  Thor  
  105  14:48  Marine x3  
  105  14:50  Barracks Reactor  
  105  14:52  Barracks Reactor  
  114  14:53  Barracks Reactor  
  104  15:22  Marine x3  
  107  15:30  Marine x3  
  100  16:04  Marine  
  91  16:21  Marine x13  
Tags
 
Add a new tag
Caveats
  • Supply blocks, unpowered buildings, or Contaminate may cause inaccurate times.
  • Supply counts are checked every 10 seconds.